 Seeded DCSS version 0.29.1-12-g30fa7ad0bf (webtiles) character file.

Game seed: 9845822215292249863 (custom seed)

77 OTABOTABOTAB the Insei (level 4, 28/28 HPs)
             Began as an Octopode Transmuter on Jan 9, 2023.
             Quit the game on level 3 of the Dungeon.
             The game lasted 00:03:27 (2212 turns).

OTABOTABOTAB the Insei (Octopode Transmuter)        Turns: 2212, Time: 00:03:27

Health: 28/28      AC:  1    Str: 15    XL:     4   Next: 33%
Magic:  7/7        EV: 13    Int: 21    God:
Gold:   1715       SH:  0    Dex: 14    Spells: 6/7 levels left

rFire   . . .      SeeInvis .   h - staff of conjuration
rCold   . . .      Faith    .   (no shield)
rNeg    . . .      Spirit   .   (helmet restricted)
rPois   +          Reflect  .   b - amulet of the acrobat
rElec   .          Harm     .   i - ring of willpower
rCorr   .          Rampage  .   f - ring "Baamust" {rPois Will+ Str+6 Int+4 Dex+2}
Will    ++...                   (no ring)
Stlth   +++.......              (no ring)
HPRegen 0.09/turn               (no ring)
MPRegen 0.10/turn               (no ring)
                                (no ring)
                                (no ring)

@: no status effects
A: almost no armour, amphibious, 8 rings, camouflage 1, gelatinous body 1,
(nimble swimmer 1), tentacles
a: no special abilities


You were on level 3 of the Dungeon.
You visited 1 branch of the dungeon, and saw 3 of its levels.

You collected 1715 gold pieces.

Inventory:

Armour
 p - the +4 robe of Augmentation {Str+4 Int+4 Dex+4}
   (You found it on level 3 of the Dungeon)

   Str:       It affects your strength (+4).
   Int:       It affects your intelligence (+4).
   Dex:       It affects your dexterity (+4).
Magical Staves
 h - a staff of conjuration (weapon)
Jewellery
 b - an amulet of the acrobat (around mantle)
 f - the ring "Baamust" (right tentacle) {rPois Will+ Str+6 Int+4 Dex+2}
   (You acquired it on level 1 of the Dungeon)

   [ring of strength]

   Str:       It affects your strength (+6).
   Int:       It affects your intelligence (+4).
   Dex:       It affects your dexterity (+2).
   rPois:     It protects you from poison.
   Will:      It increases your willpower.
 i - a ring of willpower (left tentacle)
Scrolls
 c - a scroll of amnesia {unknown}
 e - 2 scrolls of identify {unknown}
 k - a scroll of teleportation
 l - a scroll of blinking {unknown}
 o - a scroll of poison {unknown}
Potions
 a - a potion of lignification
 d - a potion of curing {unknown}
 g - 2 potions of heal wounds {unknown}
 j - a potion of magic {unknown}
 m - 2 potions of brilliance {unknown}
 n - a potion of ambrosia {unknown}


   Skills:
 + Level 1.0 Fighting
 + Level 0.2 Staves
 + Level 2.2 Dodging
 + Level 1.9 Stealth
 + Level 4.0 Unarmed Combat
 + Level 2.3 Spellcasting
 + Level 2.5 Transmutations


You had 6 spell levels left.
You knew the following spells:

 Your Spells              Type           Power      Damage    Failure   Level
a - Beastly Appendage     Tmut           26%        N/A       4%          1

Your spell library contained the following spells:

 Spells                   Type           Power      Damage    Failure   Level
 Wereblood                Tmut           13%        N/A       8%          2
 Spider Form              Tmut/Pois      7%         N/A       26%         3
 Gell's Gravitas          Tloc           2%         N/A       41%         3
 Lesser Beckoning         Tloc           2%         N/A       41%         3
 Teleport Other           Tloc           2%         N/A       41%         3
 Ice Form                 Ice/Tmut       7%         N/A       63%         4


Dungeon Overview and Level Annotations

Branches:
Dungeon (3/15)

Altars:


Innate Abilities, Weirdness & Mutations

You cannot wear most types of armour.
You are amphibious.
You can wear up to eight rings at the same time.
Your skin changes colour to match your surroundings (Stealth+).
Your rubbery body absorbs attacks. (AC +1, EV +1)
((You are camouflaged when in or above water. (Stealth+)))
You have tentacles for arms and can constrict up to eight enemies at once.


Message History

Casting: Beastly Appendage (safe; 4% risk of failure)
Confirm with . or Enter, or press ? or * to list all spells.
One of your tentacles grows a vicious spike.
The endoplasm freezes you.
You are frozen.
You hit the endoplasm.
The endoplasm is heavily wounded.
The endoplasm freezes you.
You are frozen.
Unknown command.
You hit the endoplasm.
You kill the endoplasm!
No target in view!
No target in view!
Your tentacle spike disappears.
Found a scroll labelled OTEOLOMATOH.
You see here a +2 pair of boots.
e - 2 scrolls labelled OTEOLOMATOH (gained 1)
You now have 1715 gold pieces (gained 15).
Found a stone staircase leading down.
There is a stone staircase leading down here.
Done exploring.
Done exploring.
Done exploring.
Done exploring.
Done exploring.
Done exploring.
(D) Dungeon
Where to? (Enter - D:2, ? - help)
There is a stone staircase leading down here.
You climb downwards.
There is a stone staircase leading up here.
Found a stone staircase leading down.
You see here the +4 robe of Augmentation {Str+4 Int+4 Dex+4}.
p - the +4 robe of Augmentation {Str+4 Int+4 Dex+4} Saving game... please wait.
Welcome back, OTABOTABOTAB the Octopode Transmuter.
Game seed: 9845822215292249863 (custom seed) Press ? for a list of commands and other information.
Are you sure you want to abandon this character and quit the game? (Confirm with "yes".)

...##.#<###.#
............#
#...........#
#...........#
+...........#
#...........#
#...........######
#.................
#.........@#######
######+####


There were no monsters in sight!

Vanquished Creatures
  3 adders (D:2)
  A gnoll (D:1)
  A worm (D:2)
  2 dart slugs (D:1)
  4 ball pythons
  5 bats (D:1)
  3 endoplasms
  A giant cockroach (D:1)
  2 goblins (D:1)
  3 hobgoblins (D:2)
  3 kobolds
  A quokka (D:1)
  2 frilled lizards
  3 rats
34 creatures vanquished.

Notes
Turn   | Place    | Note
-------+----------+-------------------------------------------
     0 | D:1      | OTABOTABOTAB the Octopode Transmuter began the quest for
                  | the Orb.
     0 | D:1      | Reached XP level 1. HP: 13/13 MP: 3/3
   153 | D:1      | Reached XP level 2. HP: 15/18 MP: 5/5
   576 | D:1      | Reached XP level 3. HP: 21/23 MP: 6/6
  1100 | D:1      | Identified 3 scrolls of acquirement
  1100 | D:1      | Acquired 738 gold pieces
  1102 | D:1      | Acquired 885 gold pieces
  1104 | D:1      | Acquired the ring "Baamust" {rPois Will+ Str+6 Int+4 Dex+2}
  1133 | D:2      | Found a faded altar of an unknown god.
  1403 | D:2      | Reached skill level 4 in Unarmed Combat
  1572 | D:2      | Reached XP level 4. HP: 24/28 MP: 7/7
  1768 | D:2      | Reached skill level 1 in Stealth
  2203 | D:3      | Found the +4 robe of Augmentation {Str+4 Int+4 Dex+4}
  2212 | D:3      | Quit the game

Illustrated notes

Levels and vault maps discovered:
D:1:      giann_bridges, layout_basic
D:2:      layout_loops_cross, ebering_ecumenical_altar_hall
D:3:      layout_basic, uniq_natasha

Skill      XL: |  1  2  3  4 |
---------------+-------------+-----
Unarmed Combat | 4 |  4.0
Stealth        | 1 |  1.9
Fighting       | |  1.0
Staves         | |  0.2
Dodging        | |  2.2
Spellcasting   | |  2.3
Transmutations | |  2.5

Action                   |  1- 3 |  4- 6 || total
-------------------------+-------+-------++-------
Melee: Unarmed           |    51 |       ||    51
       Constrict         |    16 |     5 ||    21
       Kick              |     3 |     2 ||     5
       Tentacles         |    10 |     4 ||    14
       Punch             |     2 |       ||     2
       Staff             |    15 |    16 ||    31
 Cast: Beastly Appendage |     2 |     4 ||     6
 Abil: End Transformatio |     1 |     3 ||     4
  Use: Scroll            |     4 |       ||     4
 Stab: Sleeping          |     8 |     3 ||    11
Armor: Skin              |     4 |       ||     4
Dodge: Dodged            |    47 |     9 ||    56
